 Dungeon Crawl Stone Soup version 0.25.0-10-g039870ee82 (webtiles) character file.

Game seed: 3816623026228366382

350 Aviak the Changer (level 6, -9/41 HPs)
             Began as an Octopode Transmuter on June 24, 2020.
             Mangled by an ogre
             ... wielding a +0 giant spiked club
              (32 damage)
             ... on level 4 of the Dungeon.
             The game lasted 00:03:25 (3930 turns).

Aviak the Changer (Octopode Transmuter)             Turns: 3930, Time: 00:03:27

Health: -9/41      AC:  1    Str:  9    XL:     6   Next: 61%
Magic:  8/10       EV: 15    Int: 18    God:
Gold:   157        SH:  0    Dex: 12    Spells: 8/11 levels left

rFire    + . .     SeeInvis .     - Unarmed
rCold    . . .     Gourm    .   (no shield)
rNeg     . . .     Faith    .   (helmet restricted)
rPois    .         Spirit   .   (no amulet)
rElec    .         Reflect  .   F - ring of protection from fire
rCorr    .         Harm     .   (no ring)
MR       .....                  (no ring)
Stlth    ++........             (no ring)
HPRegen  0.13/turn              (no ring)
MPRegen  0.12/turn              (no ring)
                                (no ring)
                                (no ring)

@: appendage, very slightly contaminated
A: almost no armour, stealthy swim, amphibious, 8 rings, constrict 8, tentacle
spike 3, camouflage 1, gelatinous body 1
a: End Transformation


You were on level 4 of the Dungeon.
You were not hungry.
One of your tentacles had a temporary spike.
You visited 1 branch of the dungeon, and saw 4 of its levels.

You collected 157 gold pieces.

Inventory:

Missiles
 a - 38 arrows
Jewellery
 i - an uncursed ring of protection from magic {unknown}
 F - a ring of protection from fire (left tentacle)
Scrolls
 b - a scroll of immolation
 d - a scroll of enchant armour {unknown}
 g - 2 scrolls of fog
 h - a scroll of magic mapping {unknown}
 n - a scroll of remove curse {unknown}
Potions
 e - 3 potions of degeneration {!q!q}
 f - a potion of resistance
 j - a potion of heal wounds {unknown}
 k - a potion of might {unknown}
 l - a potion of lignification {unknown}
 m - 2 potions of cancellation {unknown}
Comestibles
 c - 8 rations


   Skills:
 + Level 2.6 Fighting
 + Level 4.1 Dodging
 - Level 3.0 Unarmed Combat
 - Level 3.1 Spellcasting
 + Level 4.2 Transmutations


You had 8 spell levels left.
You knew the following spells:

 Your Spells              Type           Power        Failure   Level  Hunger
a - Beastly Appendage     Tmut           ###...       3%          1    None
b - Sticks to Snakes      Tmut           ###.....     4%          2    ##.....

Your spell library contained the following spells:

 Spells                   Type           Power        Failure   Level  Hunger
 Spider Form              Tmut/Pois      ##........   21%         3    ###....
 Ice Form                 Ice/Tmut       ##......     56%         4    ####...
 Blade Hands              Tmut           ###.......   63%         5    ######.


Dungeon Overview and Level Annotations

Branches:
Dungeon (4/15)
 Temple: D:4-7

Altars:


Innate Abilities, Weirdness & Mutations

You cannot wear most types of armour.
You are very stealthy in the water. (Stealth+)
You are amphibious.
You can wear up to eight rings at the same time.
You can use your tentacles to constrict eight enemies at once.
Your skin changes colour to match your surroundings (Stealth+).
Your rubbery body absorbs attacks. (AC +1, EV +1)
One of your tentacles bears a large vicious spike.


Message History

You miscast Beastly Appendage.
You are very lightly contaminated with residual magic.
Nothing appears to happen.
A giant cockroach comes into view.
Casting: Beastly Appendage (safe; 3% risk of failure)
Confirm with . or Enter, or press ? or * to list all spells.
One of your tentacles grows a vicious spike.
You aren't carrying any items that you can evoke.
Okay, then.
You barely miss the ogre.
You pierce the ogre!
You squeeze the ogre!
The ogre is heavily wounded.
The ogre hits you with a +0 giant spiked club!!
You tentacle-slap the ogre.
The ogre is severely wounded.
You tentacle-slap the ogre but do no damage.
You pierce the ogre.
The ogre is severely wounded.
The ogre hits you with a +0 giant spiked club!!
Ouch! That really hurt!
You die...

#..............+
#####..............#
.....#+######.....##
...#....# #.....#
...'....# #.....#
...#....# #.....#
...#....# #.....#
...#....# #..!..#
...#....# #...@.#
...#'#### #...O.#
####...## #.....#
........# #...s.#
..<<....# +.....+
........# #.....#
###.....# #.....#
#....## #.....#
#+####


You could see an ogre and a giant cockroach.

Vanquished Creatures
  Grinder (D:3)
  A worker ant (D:2)
  2 gnolls
  5 adders
  An ooze (D:2)
  6 worms
  3 dart slugs
  2 leopard geckos
  A giant cockroach (D:2)
  A goblin (D:1)
  5 hobgoblins
  6 kobolds
  A quokka (D:2)
  2 ball pythons
  7 bats
  4 frilled lizards
  3 rats
51 creatures vanquished.

Notes
Turn   | Place    | Note
-------+----------+-------------------------------------------
     0 | D:1      | Aviak the Octopode Transmuter began the quest for the Orb.
     0 | D:1      | Reached XP level 1. HP: 13/13 MP: 3/3
   276 | D:1      | Reached XP level 2. HP: 9/18 MP: 5/5
  1434 | D:2      | Reached XP level 3. HP: 11/23 MP: 6/6
  1822 | D:2      | Reached XP level 4. HP: 13/28 MP: 6/8
  2220 | D:2      | Learned a level 2 spell: Sticks to Snakes
  2441 | D:2      | Reached XP level 5. HP: 26/33 MP: 9/9
  2610 | D:3      | Found a faded altar of an unknown god.
  2763 | D:3      | Noticed Grinder
  2788 | D:3      | Killed Grinder
  2788 | D:3      | Reached XP level 6. HP: 27/41 MP: 10/10
  3930 | D:4      | Mangled by an ogre

Illustrated notes

Levels and vault maps discovered:
D:1:      minmay_arrival_shattered_statue, layout_basic
D:2:      layout_rooms, serial_park_tiny_pond, minmay_fountain_box
D:3:      layout_basic, chequers_ecumenical_altar_island, uniq_grinder
D:4:      layout_gridville, minmay_snake_closets

Skill      XL: |  1  2  3  4  5 |
---------------+----------------+-----
Transmutations | 3 4 |  4.2
Dodging        | 3 4 |  4.1
Spellcasting   | 3 |  3.1
Fighting       | 2 |  2.6
Unarmed Combat | |  3.0

Action                   |  1- 3 |  4- 6 || total
-------------------------+-------+-------++-------
Melee: Unarmed           |    68 |    73 ||   141
       Constrict         |    17 |    18 ||    35
       Tentacles         |     9 |    20 ||    29
       Punch             |     5 |     3 ||     8
       Kick              |       |    18 ||    18
 Cast: Beastly Appendage |       |    11 ||    11
  Use: Scroll            |       |     4 ||     4
 Stab: Sleeping          |     1 |     5 ||     6
  Eat: Chunk             |     1 |     5 ||     6
       Ration            |     1 |       ||     1
Armor: Skin              |     4 |     2 ||     6
Dodge: Dodged            |    50 |    44 ||    94
